AoeStats
← Mycorrhizal

Yucatan

510631243Analyzed
3v3 RM · 22h ago on Oct 1, 2026· 41m 1s· 6 players
Game mode
Random Map
Map size
Normal (6 player)
Population
200
Speed
Normal
Resources
Standard
Victory
Conquest
Starting age
Dark Age
Ending age
Imperial Age
RankedLock teamsTeams togetherTeam positionsShared explorationLock speedFull tech treeHidden civsTurbo modeCheats
Victory
Defeat
🇦🇷 Saracens · Argentina
1382
+17
🇦🇷 Lithuanians · Argentina
1321
+19
🇦🇷 Mongols · Argentina
1300
+20
🇬🇧 Malay · United Kingdom
1428
-20
🇨🇦 Ethiopians · Canada
1420
-20
🇨🇭 Varangians · Switzerland
1324
-16
Mycorrhizal
8:02 Loom
10:14 Feudal Age
14:04 Castle Age
12:35 Double-Bit Axe
14:16 Gold Mining
14:10 Crossbowman
17:10 Fletching
18:25 Bow Saw
19:14 Padded Archer Armor
23:16 Bodkin Arrow
29:04 Ballistics
30:32 Leather Archer Armor
32:29 Thumb Ring
36:04 Gold Shaft Mining
37:58 Wheelbarrow
43:48 Imperial Age
God Of The Sea People
5:27 Loom
14:49 Feudal Age
14:48 Double-Bit Axe
14:44 Horse Collar
15:06 Man-at-Arms
21:31 Fishing Lines
27:01 Castle Age
26:30 Gillnets
26:56 Bow Saw
28:18 Fletching
28:47 Guard Tower
29:01 Bodkin Arrow
42:45 Imperial Age
40:51 Wheelbarrow
41:01 Wheelbarrow
ink55
2:17 Loom
2:39 Loom
12:04 Feudal Age
13:54 Double-Bit Axe
17:53 Castle Age
16:20 Stone Mining
16:49 Forging
17:05 Gold Mining
18:17 Bloodlines
24:11 Scale Barding Armor
27:38 Horse Collar
28:41 Wheelbarrow
29:18 Fletching
31:20 Husbandry
34:17 Chain Barding Armor
35:49 Iron Casting
35:44 Bodkin Arrow
42:06 Imperial Age
Lilita Carrió
2:08 Loom
9:19 Feudal Age
10:31 Double-Bit Axe
11:06 Horse Collar
15:20 Forging
21:11 Castle Age
19:26 Scale Barding Armor
20:23 Bloodlines
22:07 Bow Saw
21:58 Heavy Plow
25:53 Fletching
28:10 Husbandry
28:03 Gold Mining
28:03 Stone Mining
36:00 Imperial Age
37:04 Wheelbarrow
36:14 Town Watch
37:17 Chain Barding Armor
37:32 Iron Casting
39:02 Light Cavalry
40:31 Ballistics
C h u c k
6:54 Loom
9:46 Feudal Age
16:11 Fletching
19:50 Padded Archer Armor
23:44 Castle Age
22:41 Double-Bit Axe
23:24 Horse Collar
23:47 Crossbowman
24:23 Bodkin Arrow
26:39 Bow Saw
26:33 Heavy Plow
30:23 Leather Archer Armor
32:35 Thumb Ring
32:55 Ballistics
35:32 Masonry
41:55 Imperial Age
40:25 Wheelbarrow
40:43 Wheelbarrow
39:53 Town Watch
Calavera
9:09 Loom
10:54 Feudal Age
12:29 Town Watch
15:10 Castle Age
13:14 Fletching
13:24 Padded Archer Armor
14:57 Double-Bit Axe
16:11 Bow Saw
22:13 Bodkin Arrow
26:47 Leather Archer Armor
35:55 Imperial Age
34:23 Scale Barding Armor
34:41 Forging
36:31 Chain Barding Armor
36:24 Bloodlines
36:15 Husbandry
36:53 Bracer
36:36 Elite Mangudai
37:36 Conscription
37:04 Light Cavalry
38:06 Horse Collar
38:32 Capped Ram
40:36 Iron Casting
Connection lost

Rejoining the realm…

Still unreachable

The connection could not be restored.

Session expired

The server has moved on; the page needs a fresh start.